AoeStats
← [RZ] HardZeeiRa-BR

African Clearing

510618602Analyzed
2v2 RM · 10h ago on Oct 1, 2026· 40m 47s· 4 players
Game mode
Random Map
Map size
Medium (4 player)
Population
200
Speed
Normal
Resources
Standard
Victory
Conquest
Starting age
Dark Age
Ending age
Imperial Age
RankedLock teamsTeams togetherTeam positionsShared explorationLock speedFull tech treeHidden civsTurbo modeCheats
Victory
Defeat
🇦🇷 Persians · Argentina
1537
+7
🇬🇧 Mongols · United Kingdom
1303
+15
🇧🇷 Mongols · Brazil
1405
-15
🇧🇷 Varangians · Brazil
1194
-7
deadshot
12:06 Feudal Age
11:38 Loom
16:33 Castle Age
14:45 Double-Bit Axe
20:26 Bow Saw
26:34 Fletching
26:57 Padded Archer Armor
27:36 Bodkin Arrow
28:42 Bloodlines
28:39 Gold Mining
28:40 Stone Mining
30:58 Ballistics
31:25 Thumb Ring
32:22 Town Watch
36:12 Wheelbarrow
40:42 Imperial Age
38:37 Hand Cart
39:04 Husbandry
40:08 Leather Archer Armor
40:39 Gold Shaft Mining
41:25 Bracer
42:27 Chemistry
ELBIO
10:45 Loom
12:53 Feudal Age
17:14 Castle Age
15:01 Double-Bit Axe
15:52 Bloodlines
16:42 Scale Barding Armor
19:00 Bow Saw
20:55 Husbandry
23:39 Wheelbarrow
22:54 Town Watch
24:41 Chain Barding Armor
24:41 Hand Cart
26:19 Forging
26:00 Horse Collar
26:47 Gold Mining
31:02 Stone Mining
34:08 Imperial Age
33:51 Cavalier
35:14 Plate Barding Armor
36:03 Heavy Plow
38:49 Iron Casting
38:37 Savar
42:22 Blast Furnace
[RZ] HardZeeiRa-BR
7:40 Loom
14:55 Feudal Age
19:27 Castle Age
18:23 Stone Mining
19:39 Horse Collar
24:33 Fletching
26:40 Double-Bit Axe
30:02 Scale Barding Armor
31:11 Wheelbarrow
33:01 Gold Mining
33:41 Forging
35:07 Husbandry
36:28 Pikeman
37:42 Vendel Legacy
40:41 Bloodlines
[RZ] Arch Oxys
8:05 Loom
11:22 Feudal Age
11:55 Double-Bit Axe
12:04 Horse Collar
18:17 Wheelbarrow
21:24 Castle Age
19:32 Fletching
19:55 Stone Mining
20:46 Bloodlines
23:33 Bow Saw
25:06 Husbandry
26:11 Heavy Plow
29:01 Bodkin Arrow
29:29 Town Watch
31:18 Ballistics
31:12 Padded Archer Armor
33:06 Leather Archer Armor
37:51 Imperial Age
36:25 Hand Cart
37:10 Thumb Ring
38:13 Gold Mining
38:59 Stone Shaft Mining
38:39 Bracer
39:54 Chemistry
39:48 Elite Mangudai
Connection lost

Rejoining the realm…

Still unreachable

The connection could not be restored.

Session expired

The server has moved on; the page needs a fresh start.